 Dungeon Crawl Stone Soup version 0.22-a0-448-g1fb7470 (webtiles) character file.

16 Galder the Magician (level 2, 7/15 HPs)
             Began as a Deep Elf Wizard on June 4, 2018.
             Quit the game on level 1 of the Dungeon.
             The game lasted 00:07:01 (368 turns).

Galder the Magician (Deep Elf Wizard)                Turns: 368, Time: 00:07:01

Health: 7/15       AC:  2    Str:  4    XL:     2   Next: 37%
Magic:  5/10       EV: 13    Int: 22    God:
Gold:   37         SH:  0    Dex: 13    Spells: 10/11 levels left

rFire    . . .     SeeInvis .   (no weapon)
rCold    . . .     Gourm    .   (no shield)
rNeg     . . .     Faith    .   a - +0 robe
rPois    .         Spirit   .   b - +0 hat
rElec    .         Reflect  .   (no cloak)
rCorr    .         Harm     .   (no gloves)
MR       .....                  (no boots)
Stlth    ++........             (no amulet)
HPRegen  0.05/turn              (no ring)
MPRegen  0.12/turn              (no ring)

@: no status effects
A: no striking features
a: no special abilities


You were on level 1 of the Dungeon.
You were not hungry.

You visited 1 branch of the dungeon, and saw 1 of its levels.

You collected 37 gold pieces.

Inventory:

Hand Weapons
 e - a +0 hunting sling
Missiles
 c - 18 arrows
Armour
 a - a +0 robe (worn)
 b - a +0 hat (worn)
Comestibles
 d - a ration


   Skills:
 + Level 2.6 Dodging
 + Level 2.5 Stealth
 + Level 5.2 Spellcasting
 + Level 1.1 Conjurations
   Level 1.1 Summonings
   Level 1.1 Translocations


You had 10 spell levels left.
You knew the following spells:

 Your Spells              Type           Power        Failure   Level  Hunger
a - Magic Dart            Conj           ##..         6%          1    None

Your spell library contained the following spells:

 Spells                   Type           Power        Failure   Level  Hunger
 Conjure Flame            Conj/Fire      #.......     24%         3    ##.....
 Slow                     Hex            #.......     16%         2    None
 Mephitic Cloud           Conj/Pois/Air  #.......     26%         3    ##.....
 Blink                    Tloc           N/A          10%         2    None
 Call Imp                 Summ           ##......     10%         2    None


Dungeon Overview and Level Annotations

Branches:
Dungeon (1/15)

Altars:


Message History

Aiming: Magic Dart (safe; 6% risk of failure)
Press: ? - help, Shift-Dir - straight line, f/p - dart slug
Aim: a dart slug (heavily wounded, clinging)
The magic dart hits the dart slug.
You kill the dart slug!
You see here a dart slug corpse.
There are no objects that can be picked up here. a dart slug corpse You aren't carrying any potions.
Quiver which item? (- for none, * to show all) (? for menu, Esc to quit)
Okay, then.
There's nothing to close nearby.
There isn't anything here!
Press: ? - help, . - travel, g - get item You can't see that place. [Stash: a dart slug corpse] [the floor.] Quiver which item? (- for none, * to show all) (? for menu, Esc to quit)
Okay, then.
Are you sure you want to abandon this character and quit the game? (Confirm with "yes".)

#.###.# #.# #. ##. #.#
#.....###.####. ... #.#
###.#.......... ##. #.#
#.#####.##### ... #######.#
#.# #.# ##. ......#.# #.# #.#
.......# ####.#####.#
##########...#####..........#
........†.......@.....#######
###########........####
##########


There were no monsters in sight!

Vanquished Creatures
  An ooze (D:1)
  A dart slug (D:1)
  2 bats (D:1)
  A giant cockroach (D:1)
  2 hobgoblins (D:1)
  2 rats (D:1)
9 creatures vanquished.

Notes
Turn   | Place    | Note
-------+----------+-------------------------------------------
     0 | D:1      | Galder the Deep Elf Wizard began the quest for the Orb.
     0 | D:1      | Reached XP level 1. HP: 10/10 MP: 7/7
    55 | D:1      | Reached skill level 5 in Spellcasting
    84 | D:1      | Reached XP level 2. HP: 9/15 MP: 2/10
   368 | D:1      | Quit the game

Vault maps used:
D:1:      erik_arrival_orb_chamber

Skill      XL: |  1 |
---------------+----+-----
Spellcasting   | 5 |  5.2
Dodging        | |  2.6
Stealth        | |  2.5
Conjurations   | |  1.1
Summonings     | |  1.1
Translocations | |  1.1

Action                   || total
-------------------------++-------
Melee: Unarmed           ||     2
 Cast: Magic Dart        ||    26
Armor: Robe              ||     1
Dodge: Dodged            ||    13

Table legend:
 A = Spawn XP
 B = Non-spawn XP
 C = Spawn XP percentage of total XP
 D = Spawn monster count
 E = Non-spawn monster count
 F = Spawn count percentage of total count
 G = Total turns spent on level
                    A         B        C        D         E        F      G
               +---------+---------+-------+---------+---------+-------+---------
         Total |       0 |      23 |   0.0 |       0 |       9 |   0.0 |   368
               +---------+---------+-------+---------+---------+-------+---------
           D:1 |       0 |      23 |   0.0 |       0 |       9 |   0.0 |   368
               +---------+---------+-------+---------+---------+-------+---------
